 Dungeon Crawl Stone Soup version 0.27.0-1-g7a089689b8 (webtiles) character file.

Game seed: 12897724219324678618

6 ZARRMARR the Skirmisher (level 1, 0/18 HPs)
             Began as a Demonspawn Abyssal Knight on Aug 14, 2021.
             Was an Initiate of Lugonu.
             Slain by an endoplasm (1 damage)
             ... on level 1 of the Dungeon.
             The game lasted 00:03:05 (159 turns).

ZARRMARR the Skirmisher (Demonspawn Abyssal Knight)  Turns: 159, Time: 00:03:05

Health: 0/18       AC: 10    Str: 12    XL:     1   Next: 75%
Magic:  2/2        EV:  3    Int: 13    God:    Lugonu [......]
Gold:   0          SH:  0    Dex: 12    Spells: 0/0 levels left

rFire    . . .     SeeInvis .   a - +1 mace
rCold    . . .     Faith    .   (no shield)
rNeg     . . .     Spirit   .   d - +0 plate armour
rPois    .         Reflect  .   (no helmet)
rElec    .         Harm     .   (no cloak)
rCorr    .         Rampage  .   (no gloves)
Will     .....                  (no boots)
Stlth    ..........             (no amulet)
HPRegen  0.06/turn              (no ring)
MPRegen  0.08/turn              (no ring)

@: no status effects
A: subdued magic 1
a: Renounce Religion


You were on level 1 of the Dungeon.
You worshipped Lugonu.
Lugonu was noncommittal.
You visited 1 branch of the dungeon, and saw 1 of its levels.
You visited the Abyss 1 time.

Inventory:

Hand Weapons
 a - a +1 mace (weapon)
Armour
 d - a +0 plate armour (worn)
Scrolls
 b - a scroll of immolation {unknown}
 c - a scroll of teleportation {unknown}


   Skills:
 + Level 3.2 Fighting
 + Level 2.0 Maces & Flails
 + Level 1.9 Armour
 + Level 0.8 Dodging
 * Level 2.4 Invocations


You couldn't memorise any spells.
You didn't know any spells.
Your spell library was empty.

Dungeon Overview and Level Annotations

Branches:
Dungeon (1/15)

Altars:


Innate Abilities, Weirdness & Mutations

Your spells are a little easier to cast, but a little less powerful.


Message History

The quokka bites you but does no damage.
The kobold hits you but does no damage.
You miss the quokka.
The quokka is heavily wounded.
The quokka bites you.
* * * LOW HITPOINT WARNING * * *
The kobold hits you but does no damage. x2
The quokka bites you but does no damage.
The kobold hits you but does no damage.
You closely miss the quokka.
The quokka is heavily wounded.
The kobold hits you but does no damage.
The quokka bites you but does no damage.
The kobold hits you but does no damage. The kobold hits you with a +0 dagger.
* * * LOW HITPOINT WARNING * * *
You hit the quokka.
You kill the quokka!
Lugonu accepts your kill. The kobold hits you with a +0 club.
* * * LOW HITPOINT WARNING * * *
The kobold barely misses you.
You hit the rat.
You kill the rat!
Lugonu accepts your kill.
The kobold hits you but does no damage. x2; The kobold completely misses you.
You hit the kobold.
You kill the kobold!
Lugonu accepts your kill. The kobold hits you but does no damage.
The endoplasm hits you but does no damage.
The kobold hits you but does no damage.
You hit the kobold.
You kill the kobold!
Lugonu accepts your kill.
The endoplasm hits you but does no damage. x2
Your Maces & Flails skill increases to level 2!
You hit the endoplasm.
The endoplasm is lightly wounded.
The endoplasm hits you.
You die...

##########
.........####
..#.#
####'####...##
.#.# #...#
####.##
.#.#### #...#
##.# .....#
###'### #.##
...#.#
##.....## ##.#
#....
#.......#
#.###..# #
+...<...+
#.)@#..#.##.#
#.......#
#.#)J........
##.....##
#.#....#.##.#
###+###
.#####$# # #.
... .# .#.# .#
..... # .# ##.
.#


You could see an endoplasm.

Vanquished Creatures
  An endoplasm (D:1)
  2 kobolds (D:1)
  A quokka (D:1)
  A rat (D:1)
5 creatures vanquished.

Notes
Turn   | Place    | Note
-------+----------+-------------------------------------------
     0 | Abyss:1  | ZARRMARR the Demonspawn Abyssal Knight began the quest for
                  | the Orb.
     0 | Abyss:1  | Reached XP level 1. HP: 18/18 MP: 2/2
    36 | Abyss:1  | Noticed a neqoxec
    42 | Abyss:1  | Gained mutation: Your spells are a little easier to cast,
                  | but a little less powerful. [a neqoxec]
    96 | Abyss:2  | Found a corrupted altar of Lugonu.
    98 | Abyss:2  | Noticed a raiju
    99 | D:1      | Escaped the Abyss
   159 | D:1      | Slain by an endoplasm

Illustrated notes

Levels and vault maps discovered:
D:1:      dpeg_arrival_another_circle, layout_loops_ring, serial_shops, shop

Skill      XL: |  1 |
---------------+----+-----
Maces & Flails | 2 |  2.0
Fighting       | |  3.2
Armour         | |  1.9
Dodging        | |  0.8
Invocations    | |  2.4

Action                   || total
-------------------------++-------
Melee: Mace              ||    19
Invok: Depart the Abyss  ||     1
Armor: Plate armour      ||    44
Dodge: Dodged            ||     6
